Map: [ESL] Crimson Court

Players

Spatz

  • Race: Protoss Protoss
  • Spawn Location: 7:00

HeroMarine - Winner!

  • Race: Terran Terran
  • Spawn Location: 1:00

Event: ESL SC2 Masters 2024 Spring (Regional)

VOD

Have the link to the VOD?

Description

Time

  • Played on: April 16, 2024, 10:17 a.m.
  • Length: 19:03

All games in this series

Show
View Real Time Build Order
Export as new Build Order

Spatz Protoss 

Build Orders: 1 Gate Expand, Blink Stalkers, Zealot Archon 

Get SALT Encoding   

  12  0:00  Probe  
  13  0:13  Probe  
  14  0:16  Pylon  
  14  0:25  Probe (Chrono Boost)  
  16  0:36  Gateway  
  16  0:37  Probe (Chrono Boost)  
  16  0:43  Probe (Chrono Boost)  
  16  0:45  Assimilator  
  17  0:51  Probe  
  18  1:03  Probe  
  19  1:15  Probe  
  20  1:22  Cybernetics Core  
  20  1:32  Nexus  
  20  1:39  Pylon  
  20  1:44  Probe  
  21  1:48  Assimilator  
  20  1:56  Probe, Adept (Chrono Boost)  
  20  2:00  Warp Gate  
  23  2:08  Probe  
  24  2:18  Stalker  
  24  2:20  Probe  
  27  2:29  Twilight Council  
  27  2:32  Probe  
  28  2:45  Probe x2 (Chrono Boost)  
  28  2:50  Stalker  
  32  2:54  Probe x2 (Chrono Boost)  
  34  2:59  Probe x2 (Chrono Boost)  
  36  3:11  Probe (Chrono Boost)  
  36  3:12  Probe (Chrono Boost)  
  37  3:13  Gateway  
  37  3:21  Robotics Facility  
  37  3:23  Blink (Chrono Boost)  
  37  3:24  Probe (Chrono Boost)  
  39  3:29  Probe (Chrono Boost)  
  39  3:32  Probe (Chrono Boost)  
  40  3:36  Probe (Chrono Boost)  
  40  3:38  Pylon, Probe  
  42  3:47  Probe  
  43  3:50  Probe  
  42  3:57  Stalker  
  42  3:59  Probe  
  42  4:00  Assimilator  
  42  4:01  Assimilator  
  45  4:03  Probe  
  45  4:05  Observer  
  47  4:11  Pylon, Stalker, Probe  
  47  4:15  Probe  
  51  4:23  Probe  
  52  4:27  Probe  
  52  4:28  Warp Prism (Chrono Boost)  
  55  4:36  Probe  
  56  4:39  Probe  
  56  4:42  Stalker x2  
  56  4:48  Probe  
  56  4:51  Probe  
  56  4:57  Templar Archives  
  56  4:58  Observer  
  56  5:00  Probe  
  56  5:05  Stalker  
  56  5:06  Stalker  
  62  5:15  Pylon, Probe  
  62  5:17  Gateway  
  62  5:20  Gateway  
  62  5:21  Probe  
  62  5:28  Pylon, Psionic Storm  
  62  5:33  Probe  
  67  5:41  Probe  
  64  5:43  High Templar x2  
  64  5:44  Pylon  
  68  5:50  Gateway x2  
  68  6:02  Gateway x2  
  68  6:07  Immortal (Chrono Boost)  
  72  6:13  High Templar  
  74  6:25  Pylon  
  73  6:32  Shield Battery  
  73  6:34  Shield Battery  
  73  6:35  High Templar  
  73  6:36  Zealot x2  
  79  6:49  Pylon  
  79  6:50  Zealot x3  
  85  7:03  Charge (Chrono Boost)  
  85  7:19  High Templar x2  
  85  7:20  Zealot x3  
  85  7:22  Nexus  
  95  7:24  Pylon  
  95  7:29  Probe  
  96  7:35  Archon  
  96  7:38  Archon  
  96  7:40  Zealot, High Templar x2  
  96  7:42  Probe  
  103  7:45  Forge  
  103  7:49  Forge  
  103  7:52  Probe, Shield Battery  
  102  8:04  High Templar  
  102  8:05  Zealot x3, High Templar  
  108  8:10  Probe  
  109  8:24  Pylon  
  107  8:30  Immortal  
  105  8:39  Zealot x5  
  105  8:40  High Templar  
  109  8:41  Probe  
  109  8:46  Archon  
  94  9:01  Probe  
  81  9:04  High Templar x3  
  81  9:05  Probe  
  81  9:06  Unknown, Probe  
  81  9:08  Warp Prism (Chrono Boost)  
  85  9:12  Zealot x3  
  85  9:13  Probe  
  85  9:17  Protoss Ground Armor Level 1 (Chrono Boost), Probe, Protoss Ground Weapons Level 1 (Chrono Boost)  
  86  9:25  Probe  
  86  9:30  Zealot x2  
  90  9:34  Probe x2  
  90  9:37  Pylon  
  92  9:41  Zealot x4, High Templar  
  92  9:42  Observer (Chrono Boost)  
  103  9:54  Robotics Bay, Probe  
  103  9:57  Probe  
  105  10:01  Probe  
  106  10:07  High Templar  
  106  10:11  Zealot x3  
  106  10:12  Zealot x3  
  120  10:16  Archon  
  120  10:19  Probe  
  121  10:24  Nexus  
  121  10:25  Probe x2  
  123  10:30  High Templar  
  123  10:32  Photon Cannon  
  123  10:35  Pylon  
  125  10:39  Stalker x3  
  125  10:41  Colossus (Chrono Boost)  
  137  10:52  Dark Shrine  
  137  10:53  Probe x2  
  139  10:58  Pylon, Probe  
  139  11:00  Pylon  
  140  11:05  Probe  
  140  11:06  Probe  
  140  11:09  Pylon  
  140  11:10  Probe  
  143  11:13  Protoss Ground Weapons Level 2 (Chrono Boost), Extended Thermal Lance  
  143  11:14  Protoss Ground Armor Level 2 (Chrono Boost)  
  143  11:17  Probe  
  144  11:26  High Templar  
  144  11:27  Stalker x3  
  152  11:39  Probe x3  
  155  11:41  Assimilator, Probe  
  155  11:42  Assimilator  
  155  11:43  Photon Cannon  
  155  11:46  Shield Battery  
  156  11:49  Colossus (Chrono Boost)  
  156  11:51  Probe x3  
  165  11:54  Probe  
  166  12:05  Robotics Facility  
  166  12:06  Robotics Facility  
  166  12:09  Pylon  
  166  12:10  Stalker x3  
  170  12:21  Archon  
  163  12:25  Stalker x5  
  163  12:33  Colossus (Chrono Boost)  
  131  12:38  Zealot x3  
  111  12:51  High Templar x4  
  107  12:53  Probe x2  
  113  13:01  Immortal (Chrono Boost)  
  113  13:02  Immortal (Chrono Boost)  
  113  13:05  Probe  
  118  13:06  Probe  
  118  13:10  Zealot x3, Probe  
  118  13:11  Zealot  
  118  13:12  Probe  
  127  13:17  Probe  
  127  13:19  Unknown, Warp Prism (Chrono Boost)  
  128  13:25  Stalker x2  
  134  13:28  Probe  
  134  13:29  Protoss Ground Weapons Level 3 (Chrono Boost)  
  134  13:31  High Templar x2  
  137  13:34  Probe x2  
  131  13:41  Immortal (Chrono Boost), Probe  
  131  13:43  Probe  
  131  13:46  Probe  
  137  13:58  Stalker x5  
  137  13:59  Zealot  
  137  14:02  Immortal (Chrono Boost)  
  147  14:17  High Templar  
  147  14:19  High Templar  
  151  14:25  Zealot x6  
  151  14:28  Archon, Immortal (Chrono Boost)  
  151  14:29  Colossus (Chrono Boost)  
  167  14:37  Immortal (Chrono Boost)  
  167  15:00  Colossus  
  167  15:01  Zealot x3  
  167  15:06  Pylon  
  179  15:10  Pylon  
  179  15:18  Immortal  
  179  15:19  Zealot  
  179  15:24  High Templar, Colossus (Chrono Boost)  
  187  15:29  Nexus  
  187  15:32  High Templar x2  
  191  15:36  Stalker x2  
  194  15:42  Assimilator  
  194  15:46  Assimilator  
  190  15:50  Shield Battery  
  190  15:51  Photon Cannon, Protoss Ground Armor Level 3 (Chrono Boost)  
  177  15:58  Immortal (Chrono Boost)  
  177  16:02  Warp Prism (Chrono Boost)  
  185  16:06  Stalker x2  
  185  16:07  Stalker  
  189  16:14  Stalker x3  
  194  16:30  Archon x2  
  168  16:41  Stalker x4  
  168  16:42  Stalker x3  
  173  16:50  Observer  
  173  16:52  Immortal  
  151  17:05  Stalker x3  
  125  17:21  Stalker x2  
  99  17:33  Stalker x2  
  94  17:42  Stalker  
  96  17:44  Stalker  
  96  18:02  Stalker x2  
  96  18:03  Stalker  
  102  18:08  Probe x2  
  102  18:10  Probe  
  105  18:13  Probe  
  105  18:16  High Templar x3  
  105  18:18  Probe  
  113  18:22  Probe x2 (Chrono Boost)  
  113  18:28  Probe (Chrono Boost)  
  113  18:30  Probe (Chrono Boost)  
  113  18:32  Probe (Chrono Boost)  
  117  18:35  Dark Templar x2  
  117  18:39  Probe (Chrono Boost)  
  121  18:41  Dark Templar x2  
  121  18:46  Probe  
  126  18:49  Probe  
Show
View Real Time Build Order
Export as new Build Order

HeroMarine Terran - Winner!

Build Orders: Reaper Expand 

Get SALT Encoding   

  12  0:00  SCV  
  13  0:12  SCV  
  14  0:17  Supply Depot  
  14  0:24  SCV  
  15  0:38  SCV  
  15  0:40  Barracks  
  16  0:43  Refinery  
  16  0:50  SCV  
  17  1:02  SCV  
  18  1:14  SCV  
  19  1:29  Orbital Command, Reaper  
  20  1:43  Command Center  
  20  1:48  Supply Depot  
  20  1:54  SCV  
  20  2:00  Marine  
  22  2:06  SCV  
  22  2:08  Factory  
  23  2:14  Bunker  
  23  2:18  SCV  
  23  2:20  Barracks Reactor  
  24  2:27  Refinery  
  24  2:30  SCV  
  25  2:43  SCV  
  26  2:52  Hellion  
  26  2:55  SCV  
  26  2:56  Starport  
  26  2:57  Marine x2  
  31  2:59  Orbital Command  
  31  3:07  SCV  
  32  3:15  Marine x2  
  32  3:16  Widow Mine  
  32  3:19  SCV  
  36  3:26  SCV, Supply Depot  
  37  3:31  SCV  
  37  3:33  Medivac, Marine  
  41  3:35  Marine  
  41  3:38  SCV  
  41  3:39  Factory Tech Lab  
  43  3:43  SCV  
  44  3:50  SCV  
  44  3:53  Marine  
  44  3:54  Marine  
  44  3:55  SCV, Supply Depot  
  46  3:58  Siege Tank  
  49  4:03  SCV  
  49  4:04  Starport Tech Lab  
  49  4:07  SCV  
  51  4:10  Barracks  
  51  4:11  Marine x2  
  51  4:14  Supply Depot  
  51  4:15  SCV  
  54  4:19  SCV  
  54  4:23  Raven  
  57  4:28  SCV, Barracks  
  57  4:29  Marine  
  59  4:31  SCV  
  59  4:34  Marine  
  60  4:40  SCV  
  60  4:43  Siege Tank  
  60  4:44  SCV  
  63  4:47  Marine  
  63  4:51  Engineering Bay, Marine  
  63  4:52  SCV, Refinery  
  66  4:54  Supply Depot  
  66  4:56  SCV  
  67  5:04  SCV  
  67  5:05  Marine  
  69  5:08  SCV  
  69  5:09  Supply Depot  
  70  5:15  Marine  
  70  5:16  SCV  
  70  5:17  Siege Tank  
  70  5:18  Supply Depot  
  70  5:20  SCV  
  76  5:22  Terran Infantry Weapons Level 1  
  76  5:23  Refinery  
  76  5:28  SCV, Marine  
  78  5:29  Barracks Tech Lab  
  78  5:30  Marine  
  78  5:32  SCV  
  78  5:40  SCV  
  79  5:43  Starport Reactor, Supply Depot x2, Marine  
  79  5:46  Marine  
  79  5:48  Stimpack, Marine  
  82  5:57  Factory Reactor, Combat Shield  
  82  6:01  SCV x2  
  82  6:02  Marine x2  
  82  6:03  Command Center  
  86  6:05  Marine  
  86  6:06  Marine  
  88  6:17  SCV x2  
  88  6:18  Barracks  
  88  6:20  Barracks  
  88  6:25  Marauder x2  
  92  6:26  Medivac  
  92  6:27  Medivac  
  92  6:29  SCV  
  92  6:30  SCV  
  98  6:35  Widow Mine x2  
  102  6:40  Supply Depot  
  102  6:41  Supply Depot  
  102  6:42  SCV  
  102  6:43  SCV  
  102  6:48  Marauder  
  102  6:49  Marauder  
  106  6:54  SCV  
  106  6:55  SCV  
  106  6:56  Marine  
  106  6:57  Ghost Academy, Marine  
  110  7:02  Medivac x2  
  110  7:07  Barracks Tech Lab, Barracks Reactor  
  114  7:09  Marine  
  114  7:10  Marine  
  114  7:14  Marine  
  117  7:19  Orbital Command  
  117  7:20  Missile Turret  
  119  7:23  Widow Mine  
  119  7:24  Concussive Shells, Missile Turret  
  119  7:25  Widow Mine  
  119  7:29  Marauder x2  
  117  7:31  Marauder  
  117  7:36  SCV, Terran Infantry Armor Level 1  
  120  7:38  SCV  
  121  7:44  Orbital Command  
  121  7:48  SCV  
  121  7:50  SCV, Marauder  
  121  7:51  Marine, Marauder  
  127  7:52  Marine x4  
  132  8:00  SCV  
  132  8:02  SCV  
  132  8:03  Viking  
  132  8:04  Viking  
  138  8:11  SCV  
  139  8:13  SCV  
  139  8:14  SCV  
  141  8:20  Supply Depot  
  141  8:21  Supply Depot  
  141  8:23  SCV, Ghost  
  141  8:24  Ghost  
  143  8:29  Ghost  
  143  8:30  Marine x3  
  143  8:31  Marine  
  134  8:37  Medivac x2  
  132  8:45  SCV x2  
  132  8:46  SCV, Refinery x2  
  115  8:56  Marauder  
  115  8:57  SCV, Marauder  
  115  8:58  SCV x2, Marine  
  115  8:59  Marine  
  115  9:00  Marine  
  115  9:01  Marine  
  115  9:02  Widow Mine x2, Marauder  
  118  9:10  SCV x3  
  118  9:16  Medivac x2  
  124  9:18  Marauder x2  
  124  9:23  Marauder  
  130  9:31  Command Center  
  130  9:36  Armory  
  130  9:38  Ghost x2, Engineering Bay  
  130  9:41  Marine x4  
  130  9:44  SCV  
  130  9:45  SCV  
  140  9:47  SCV, Bunker  
  140  9:50  Supply Depot  
  141  9:54  Widow Mine  
  141  9:55  Widow Mine, Viking  
  141  9:56  Viking  
  149  10:03  Supply Depot  
  149  10:07  Supply Depot  
  142  10:17  Marine x3  
  142  10:18  Marauder x3, Marine  
  152  10:25  Viking  
  152  10:26  Viking  
  152  10:27  Terran Infantry Weapons Level 2, Terran Infantry Armor Level 2  
  154  10:38  Widow Mine, Barracks  
  154  10:39  Widow Mine, Barracks  
  154  10:40  Marine  
  154  10:41  Barracks  
  161  10:46  SCV x3  
  162  10:55  Sensor Tower, Viking  
  162  10:56  Viking  
  166  10:58  SCV x3  
  166  11:00  Ghost x2  
  173  11:07  Planetary Fortress  
  173  11:10  SCV x3  
  176  11:13  Unknown  
  176  11:19  Missile Turret  
  176  11:22  SCV x2, Ghost  
  176  11:23  Marine x2  
  176  11:24  Marine x2  
  184  11:27  Barracks Tech Lab, Barracks Reactor  
  184  11:29  Barracks Tech Lab, Marauder x2  
  188  11:40  Command Center, Terran Ship Weapons Level 1  
  188  11:41  Marine x3  
  188  11:43  Viking  
  188  11:44  Viking  
  195  11:51  Marauder x2  
  195  11:52  Starport  
  199  12:11  Missile Turret  
  199  12:21  Marine x3, Marauder x2  
  179  12:38  Marine x2, Marauder x2  
  179  12:43  Marauder, Marine x2  
  179  12:44  Marine x2, Marauder  
  177  12:45  Terran Infantry Weapons Level 3, Terran Infantry Armor Level 3, Marine  
  177  12:48  Missile Turret  
  177  12:49  Viking x2  
  177  12:50  Viking x2  
  186  12:53  Fusion Core  
  186  12:55  Marine  
  183  12:59  Marauder x2  
  183  13:04  Marauder  
  183  13:05  Marauder x2  
  191  13:12  Marine x4  
  191  13:13  Marine  
  191  13:17  Command Center  
  191  13:19  Medivac x2  
  198  13:20  Marauder  
  198  13:35  Terran Ship Weapons Level 2  
  198  13:37  Planetary Fortress  
  198  13:39  Missile Turret  
  198  13:41  Personal Cloaking  
  198  13:46  Command Center x2  
  198  13:48  Command Center  
  198  13:57  Ghost  
  198  14:02  Advanced Ballistics  
  200  14:04  Starport  
  200  14:16  Sensor Tower  
  200  14:26  Liberator, Sensor Tower  
  200  14:27  Liberator, Missile Turret x2  
  200  14:30  Liberator x2  
  200  14:34  Command Center  
  200  14:51  Starport Reactor  
  193  15:05  Orbital Command x3  
  193  15:09  Liberator x2  
  193  15:11  Command Center  
  193  15:12  Missile Turret  
  197  15:14  Caduceus Reactor  
  197  15:15  Command Center  
  197  15:18  Missile Turret  
  197  15:29  Neosteel Armor, Hi-Sec Auto Tracking  
  197  15:31  Refinery x2  
  197  15:40  Armory  
  197  15:42  Missile Turret  
  197  15:43  Missile Turret  
  197  15:49  Orbital Command  
  197  15:51  Terran Vehicle And Ship Armor Level 1  
  197  15:53  Command Center  
  193  16:00  Liberator x2  
  199  16:12  Planetary Fortress  
  199  16:25  Barracks  
  199  16:27  Barracks  
  196  16:36  Liberator x2  
  196  16:37  Liberator x2, Ghost x3  
  196  16:39  Ghost x2  
  190  16:40  Marine x6  
  190  16:52  Orbital Command  
  182  17:05  Ghost x2  
  182  17:06  Ghost  
  182  17:07  Liberator x2, Ghost  
  182  17:08  Ghost  
  162  17:19  Liberator x2  
  134  17:34  Ghost x3  
  134  17:36  Ghost  
  132  17:42  Marine x5  
  132  17:44  Marauder, Orbital Command, Marine  
  137  17:45  Viking x2  
  137  17:47  Refinery x2  
  137  17:50  Orbital Command, Viking  
  146  17:51  Marine x2  
  145  17:59  Marine  
  145  18:03  Marauder x2  
  145  18:04  Marauder  
  152  18:06  Viking x3  
  152  18:07  Marine x2  
  152  18:08  SCV x3  
  152  18:09  SCV  
  152  18:10  SCV x3  
  152  18:11  Refinery  
  152  18:12  Marauder x2  
  171  18:16  Unknown  
  171  18:19  Command Center  
  171  18:21  Unknown  
  171  18:25  Marauder x3  
  176  18:29  Unknown  
  176  18:33  Marauder  
  176  18:34  Sensor Tower, Marauder  
  180  18:36  SCV x3  
  180  18:37  SCV x2  
  180  18:38  SCV  
  180  18:39  SCV  
  187  18:52  Missile Turret  
  187  18:53  Missile Turret  
  195  18:55  Barracks Reactor  
Tags
 
Add a new tag
Caveats
  • Supply blocks, unpowered buildings, or Contaminate may cause inaccurate times.
  • Supply counts are checked every 10 seconds.